Hakan, chaotic male orcish Wizard ------ ----- ---------- +....+ +...| #.........| |....| |...| ###|....<...| | ----+-----....----+--+-----...| # #.........| |.........................%.....|### #--------.- | -+-----+--.......-|-----|--...|# # |......{|.. |.%.|...|# # |.......|....|%%%|...|# # | ----+-----u......|.._.|%%%|...|### |...........@.{....|....|%%%|...-# | ------+--------.----------|...|# |(((.|.| |...|# |(((.-(+ +...|# |(((.|.| |...|# | ---------------.-----------...|# |................................# --------------------------------- Hakan the Thaumaturge Experience level: 7 Strength: 14 Dexterity: 13 Constitution: 15 Intelligence: 16 Wisdom: 10 Charisma: 9 Health: 0(38) Energy: 23(44) Def: 5 Gold: 138 Moves: 2508 Dungeon seed: ZtBIJwSJwKpT7Ibd Game ID: Hakan_1517673413 Your Inventory: Coins $ - 138 gold pieces Weapons a - a blessed +3 quarterstaff (weapon in hands) Armor e - an uncursed +0 cloak of magic resistance n - an uncursed +0 dwarvish iron helm q - an uncursed +0 pair of iron shoes P - an uncursed +0 elven mithril-coat (being worn) Comestibles D - an uncursed partly eaten food ration Scrolls i - an uncursed scroll of remove curse p - an uncursed scroll of amnesia B - an uncursed scroll of blank paper G - an uncursed scroll of create monster Spellbooks l - a blessed spellbook of force bolt w - an uncursed spellbook of turn undead Potions t - an uncursed potion of healing Rings c - an uncursed ring of regeneration (on left hand) d - an uncursed ring of cold resistance (on right hand) M - an uncursed ring of stealth Wands b - a wand of locking (0:7) C - a wand of striking (0:5) H - a wand of magic missile (0:4) J - a wand of speed monster (0:3) Q - a wand of digging (0:6) Tools x - an uncursed magic whistle z - an uncursed blindfold A - an uncursed skeleton key E - an uncursed mirror L - an uncursed bell Gems r - an uncursed worthless piece of blue glass y - 3 uncursed worthless pieces of orange glass N - an uncursed jacinth stone O - an uncursed worthless piece of red glass S - 2 uncursed worthless pieces of black glass Y - 2 uncursed topaz stones Spells and supernatural/magical abilities: Name Level Category Fail Memory a - force bolt 1 attack 47% 88% E - detect food 2 divination 90% 88% W - pray for help -- divine ? -- Your skills at the end: Fighting Skills Weapon Skills quarterstaff [Basic] Spellcasting Skills attack spells [Basic] enchantment spells [Basic] Final Attributes: You were piously aligned. You were cold resistant. You were poison resistant. You had infravision. You regenerated. You are dead. Vanquished creatures: a giant spider a gnome king a lizard a dwarf lord 6 gnome lords 3 gnomish wizards a paper golem a little dog 2 kittens 10 dwarves 6 killer bees 2 hobbits a large kobold a giant rat 30 gnomes a gecko 5 jackals a fox 2 kobolds 2 sewer rats 7 grid bugs 4 lichens 2 newts 91 creatures vanquished. Voluntary challenges: You used a wielded weapon 94 times, starting on turn 217. You read items or engraved 3 times, starting on turn 10. You never genocided any monsters. You never polymorphed an object. You never changed form. You used no wishes. You never split a pudding. You never wrote Elbereth's name. You violated your moral code, losing 1 point of alignment, starting on turn 1956. Dungeon overview: The Dungeons of Doom: levels 1 to 3 Level 1 some fountains a long staircase Level 2 a fountain Level 3 a general store stairs to The Gnomish Mines The Gnomish Mines: levels 4 to 8 Level 4 stairs to The Dungeons of Doom Level 5 Level 6 <- You were here some shops, a temple to Ptah, some fountains Level 7 Level 8 History has recorded: On T:1 you entered the Dungeons of Doom to retrieve the Amulet of Yendor! On T:348 you reached level 2 of The Dungeons of Doom. On T:577 you advanced to experience level 2. On T:1211 you reached level 3 of The Dungeons of Doom. On T:1422 you reached level 1 of The Gnomish Mines. On T:1430 you advanced to experience level 3. On T:1457 you advanced to experience level 4. On T:1593 you advanced to experience level 5. On T:1712 you reached level 2 of The Gnomish Mines. On T:1875 you advanced to experience level 6. On T:1971 you reached level 4 of The Gnomish Mines. On T:2236 you reached level 5 of The Gnomish Mines. On T:2245 you advanced to experience level 7. On T:2353 you reached level 3 of The Gnomish Mines. Score breakdown: Gold: 138 ( 7289 points) Experience: 7 levels (13645 points) Exploration: 8 levels ( 16.33%) (11456 points) Discoveries: 9 items ( 3.25%) ( 5407 points) Valuables value: (no points given unless you survive) Artifact value: 0 ( 0 points) Variety of kills: 23 monsters ( 6.04%) ( 7370 points) Turncount: 2508 turns ( -335 points) Survival: died (score multiplied by 80%) Total score: 35865 Latest messages: You drop a wax candle. You sold a wax candle for 10 gold pieces. You drop 3 tallow candles. You sold 3 tallow candles for 15 gold pieces. You see here a tallow candle (13 zorkmids). There are a few objects here. You see here 4 wax candles (104 zorkmids). Izchak comments about the Valley of the Dead as being a gateway. You see here a pick-axe. This door is locked. That door is closed. (2x) This door is locked. That door is closed. The gray unicorn butts! The gray unicorn kicks! The gray unicorn butts! The gray unicorn kicks! The gray unicorn butts! The gray unicorn kicks! The gray unicorn butts! You die... Final status: Goodbye Hakan the Wizard, killed by a gray unicorn... You died in The Gnomish Mines on dungeon level 6 with 35865 points, and 138 pieces of gold, after 2508 moves. You were level 7 with a maximum of 38 hit points when you died.